 Dungeon Crawl Stone Soup version 0.20.1-1-g8b1a95d66d (webtiles) character file.

6604 Kublaii the Spear-Bearer (level 11, -3/94 HPs)
             Began as a Hill Orc Berserker on Nov 23, 2017.
             Was a Follower of Beogh.
             Slain by an unseen horror (8 damage)
             ... on level 10 of the Dungeon on Nov 24, 2017.
             The game lasted 01:52:50 (8398 turns).

Kublaii the Spear-Bearer (Hill Orc Berserker)       Turns: 8398, Time: 01:52:51

Health: -3/94      AC:  8    Str: 26    XL:     11   Next: 2%
Magic:  14/14      EV: 12    Int:  7    God:    Beogh [*.....]
Gold:   714        SH:  8    Dex: 17    Spells: 10/10 levels left

rFire    + . .     SeeInvis .   a - +5 trident
rCold    . . .     Gourm    .   r - +2 buckler
rNeg     . . .     Faith    .   C - +2 chain mail {rF+}
rPois    .         Spirit   .   l - +1 helmet
rElec    .         Reflect  .   (no cloak)
rCorr    .         Harm     .   e - +1 pair of gloves
MR       .....                  t - +1 pair of boots
Stlth    ..........             (no amulet)
Regen    0.3/turn               f - +4 ring of dexterity
MPRegen  0.2/turn               A - +5 ring of strength

@: corroded
A: no striking features
a: Renounce Religion


You were on level 10 of the Dungeon.
You worshipped Beogh.
Beogh was aware of your devotion.
You were near starving.

You visited 1 branch of the dungeon, and saw 10 of its levels.
You also visited: Ossuary.

You collected 714 gold pieces.

Inventory:

Hand Weapons
 a - a +5 trident (weapon)
 b - a +0 hunting sling
Missiles
 k - 15 sling bullets
 w - a throwing net
 G - 6 tomahawks of returning (quivered)
 I - a steel javelin
Armour
 e - a +1 pair of gloves (worn)
 l - a +1 helmet (worn)
 r - a +2 buckler (worn)
 t - a +1 pair of boots (worn)
 C - a +2 chain mail of fire resistance (worn)
Jewellery
 f - a +4 ring of dexterity (left hand)
 A - a +5 ring of strength (right hand)
Wands
 h - a wand of flame (25/48)
 j - a wand of paralysis (2/24)
 J - a wand of digging (11/24)
 M - a wand of paralysis (12/24)
 P - a wand of flame (12/48)
Scrolls
 s - a scroll of teleportation
 y - a scroll of fear
 B - a scroll of immolation
 E - a scroll of magic mapping
 F - 5 scrolls of identify
 K - a scroll of recharging
 N - 4 scrolls of remove curse
Potions
 d - 3 potions of curing
 i - a potion of agility {unknown}
 n - a potion of heal wounds
 x - a potion of resistance {unknown}
 z - 3 potions of degeneration
 H - a potion of mutation {unknown}
 L - a potion of berserk rage {unknown}
 O - a potion of haste
Comestibles
 c - 6 bread rations
 g - 10 meat rations
 p - 13 royal jellies
 u - 4 fruits


   Skills:
 - Level 8.0 Fighting
 + Level 10.0 Polearms
 - Level 4.2 Throwing
 - Level 8.0 Armour
 + Level 5.6 Dodging
 - Level 0.1 Stealth
 - Level 5.2 Shields
 - Level 4.1 Evocations


You had 10 spell levels left.
You didn't know any spells.

Dungeon Overview and Level Annotations

Branches:
Dungeon (10/15)            Temple (0/1) D:5
   Lair: D:8-11         Orc: D:9-12

Altars:
Ashenzari
Cheibriados
Gozag
Kikubaaqudgha
Makhleb
Okawaru
Qazlal
Ru
Sif Muna
Xom
The Shining One

Shops:
D:8 [


Message History

Something hits you.
* * * LOW HITPOINT WARNING * * *
You are too injured to fight recklessly!
Attack whom?
Press: ? - help, Dir - move target cursor You reach to attack!
You hit something but do no damage. Something hits you.
* * * LOW HITPOINT WARNING * * *
You feel much better. Something hits you.
* * * LOW HITPOINT WARNING * * *
Attack whom?
Press: ? - help, Dir - move target cursor You reach to attack!
You hit something but do no damage. Something hits you.
* * * LOW HITPOINT WARNING * * *
Something hits you.
* * * LOW HITPOINT WARNING * * *
Something hits you.
* * * LOW HITPOINT WARNING * * *
Something hits you but does no damage. Something barely misses you.
Something hits you!
You die...

#....(. #....(.
#.....########
#....(#......#
#....(#......#
#....)(....(.#
+....)#......#
#.....#.<....#
#.....#@.....#
#.....#......#
.......#......#
........#......#
........#......#
...######+######


There were no monsters in sight!

Vanquished Creatures
  A two-headed ogre (D:9)
  A polar bear (D:9)
  Grinder (D:4)
  3 hippogriffs
  Grum (D:8)
  4 hungry ghosts
  A water moccasin (D:6)
  An orc warrior (D:8)
  A black bear (D:9)
  An eye of draining (D:9)
  2 ice beasts (D:9)
  4 phantoms
  5 ogres
  3 wolves (D:8)
  A necrophage (D:9)
  7 centaurs
  A crocodile (D:7)
  2 big kobolds
  A bullfrog (D:6)
  A wyvern zombie (D:6)
  3 scorpions
  7 killer bees (D:8)
  4 howler monkeys
  3 crimson imps
  3 quasits
  A bullfrog zombie (D:8)
  7 jellies
  7 hounds
  2 centaur skeletons
  An orc priest (D:4)
  2 orc wizards (D:7)
  5 iguanas
  8 worker ants
  A hound zombie (D:7)
  A hound skeleton (D:7)
  9 mummies
  11 adders
  3 shadow imps
  7 oozes
  An adder skeleton (D:5)
  6 leopard geckos
  24 orcs
  3 ball pythons
  12 bats
  8 giant cockroaches
  2 gnoll zombies (Ossuary)
  3 goblins
  7 hobgoblins
  13 jackals
  10 quokkas
  4 frilled lizards
  3 hobgoblin zombies
  17 kobolds
  4 kobold zombies
  A leopard gecko skeleton (D:4)
  An orc zombie (Ossuary)
  A quokka zombie (D:6)
  7 rats
254 creatures vanquished.

Vanquished Creatures (others)
  A water moccasin (D:8)
  2 orc warriors (D:8)
  8 orcs (D:8)
11 creatures vanquished.

Grand Total: 265 creatures vanquished

Notes
Turn   | Place    | Note
-------+----------+-------------------------------------------
     0 | D:1      | Kublaii the Hill Orc Berserker began the quest for the Orb.
     0 | D:1      | Reached XP level 1. HP: 19/19 MP: 1/1
   115 | D:1      | Reached XP level 2. HP: 21/27 MP: 2/2
   342 | D:1      | Reached XP level 3. HP: 34/34 MP: 3/3
   510 | D:2      | Found a snail-covered altar of Cheibriados.
   533 | D:2      | Found an opulent altar of Gozag.
   566 | D:2      | Reached skill level 4 in Polearms
   571 | D:2      | Found a shattered altar of Ashenzari.
   725 | D:2      | Reached ** piety under Trog
   948 | D:2      | Reached XP level 4. HP: 41/41 MP: 4/4
  1008 | D:2      | Found a deep blue altar of Sif Muna.
  1211 | D:3      | Noticed Grinder
  1303 | D:3      | Reached skill level 5 in Fighting
  1708 | D:3      | Noticed a centaur
  1725 | D:3      | Killed a centaur
  1725 | D:3      | Reached XP level 5. HP: 42/48 MP: 5/5
  2034 | D:3      | Found a glowing golden altar of the Shining One.
  2107 | D:4      | Reached skill level 5 in Polearms
  2183 | D:4      | Killed Grinder
  2183 | D:4      | Reached XP level 6. HP: 23/56 MP: 6/6
  2306 | D:4      | Reached skill level 6 in Polearms
  2338 | D:4      | Reached *** piety under Trog
  2440 | D:4      | Reached XP level 7. HP: 61/61 MP: 7/7
  3099 | D:5      | Entered Level 5 of the Dungeon
  3099 | D:5      | Found a staircase to the Ecumenical Temple.
  3109 | D:5      | Reached skill level 1 in Throwing
  3159 | D:5      | Found a shimmering altar of Xom.
  3341 | D:5      | Found a sacrificial altar of Ru.
  3988 | D:6      | Reached XP level 8. HP: 34/68 MP: 8/8
  4143 | D:6      | Reached skill level 5 in Armour
  4309 | D:6      | Reached skill level 1 in Shields
  4453 | D:6      | Found an iron altar of Okawaru.
  4958 | D:6      | You fall through a shaft for 2 floors!
  5015 | D:8      | Found a sand-covered staircase.
  5023 | Ossuary  | Entered an ossuary
  5036 | Ossuary  | Reached **** piety under Trog
  5629 | D:8      | Reached XP level 9. HP: 48/74 MP: 9/9
  5693 | D:7      | Reached skill level 5 in Shields
  5723 | D:7      | Received a gift from Trog
  5964 | D:7      | Found an ancient bone altar of Kikubaaqudgha.
  6008 | D:7      | Found a burning altar of Makhleb.
  6301 | D:7      | Reached ***** piety under Trog
  6516 | D:8      | Found a stormy altar of Qazlal.
  6710 | D:8      | Found Musowory's Antique Armour Boutique.
  6725 | D:8      | Reached skill level 7 in Polearms
  6725 | D:8      | Reached XP level 10. HP: 88/88 MP: 10/10
  6794 | D:8      | Reached skill level 1 in Evocations
  6917 | D:8      | Noticed Grum
  6940 | D:8      | Killed Grum
  6940 | D:8      | Reached skill level 8 in Polearms
  7102 | D:8      | Found a burning altar of Makhleb.
  7219 | D:8      | Fell from the grace of Trog
  7219 | D:8      | Became a worshipper of Beogh the Brigand
  7517 | D:9      | Noticed a two-headed ogre
  7530 | D:9      | Killed a two-headed ogre
  7530 | D:9      | Reached skill level 9 in Polearms
  7611 | D:9      | Reached * piety under Beogh
  7611 | D:9      | Reached skill level 5 in Dodging
  8242 | D:9      | Reached XP level 11. HP: 94/94 MP: 6/14
  8339 | D:10     | Entered Level 10 of the Dungeon
  8374 | D:10     | Reached skill level 10 in Polearms
  8398 | D:10     | Slain by an unseen horror

Skill      XL: |  1  2  3  4  5  6  7  8  9 10 11 |
---------------+----------------------------------+-----
Fighting       | 4 5 8 |  8.0
Polearms       | 4 5 6 7 9 10 | 10.0
Dodging        | 2 3 4 5 |  5.6
Armour         | 4 6 8 |  8.0
Throwing       | 2 4 |  4.2
Shields        | 4 5 |  5.2
Evocations     | 4 |  4.1
Stealth        | |  0.1

Action                   |  1- 3 |  4- 6 |  7- 9 | 10-12 || total
-------------------------+-------+-------+-------+-------++-------
Melee: Spear             |   104 |   122 |    99 |       ||   325
       Trident           |       |       |   393 |   346 ||   739
 Fire: Hunting sling     |    24 |    24 |    60 |    31 ||   139
Throw: Stone             |    17 |       |       |       ||    17
       Javelin           |       |     3 |     8 |    11 ||    22
       Tomahawk          |       |       |    10 |    18 ||    28
       Throwing net      |       |       |       |     1 ||     1
Invok: Berserk           |     1 |     4 |     8 |     3 ||    16
       Trog's Hand       |       |     1 |       |       ||     1
       Convert to Beogh  |       |       |       |     1 ||     1
Evoke: Wand              |       |       |       |     1 ||     1
  Use: Scroll            |     3 |     1 |     5 |    10 ||    19
       Potion            |     1 |     3 |     1 |     3 ||     8
 Stab: Sleeping          |       |     4 |       |       ||     4
       Distracted        |       |       |     1 |       ||     1
  Eat: Chunk             |       |    10 |    20 |     8 ||    38
       Fruit             |       |       |     1 |     2 ||     3
       Royal jelly       |       |       |     1 |     1 ||     2
Armor: Animal skin       |    20 |     3 |       |       ||    23
       Leather armour    |       |     5 |       |       ||     5
       Ring mail         |       |    11 |    19 |       ||    30
       Scale mail        |       |     5 |       |       ||     5
       Chain mail        |       |       |   149 |   153 ||   302
Dodge: Dodged            |    56 |    47 |   207 |   123 ||   433
Block: Buckler           |       |       |   113 |   122 ||   235
